 Dungeon Crawl Stone Soup version 0.21.1-1-g345015f (webtiles) character file.

57 shakethe the Chopper (level 4, 0/39 HPs)
             Began as a Hill Orc Abyssal Knight on Feb 5, 2018.
             Was a Follower of Lugonu.
             Slain by Crazy Yiuf
             ... wielding a +4 quarterstaff of chaos
              (9 damage)
             ... on level 2 of the Dungeon.
             The game lasted 00:03:36 (1887 turns).

shakethe the Chopper (Hill Orc Abyssal Knight)      Turns: 1887, Time: 00:03:38

Health: 0/39       AC: 12    Str: 15    XL:     4   Next: 0%
Magic:  0/6        EV:  9    Int: 12    God:    Lugonu [*.....]
Gold:   122        SH:  0    Dex: 13    Spells: 3/3 levels left

rFire    . . .     SeeInvis .   a - +1 hand axe
rCold    + . .     Gourm    .   (no shield)
rNeg     . . .     Faith    .   t - +3 scale mail {rC+}
rPois    .         Spirit   +   (no helmet)
rElec    .         Reflect  .   (no cloak)
rCorr    .         Harm     .   o - +1 pair of gloves {Dex+3}
MR       .....                  m - +0 pair of boots
Stlth    ..........             d - amulet of guardian spirit
HPRegen  0.13/turn              (no ring)
MPRegen  0.10/turn              (no ring)

@: lethally poisoned (0 -> -18)
A: no striking features
a: Depart the Abyss, Renounce Religion


You were on level 2 of the Dungeon.
You worshipped Lugonu.
Lugonu was aware of your devotion.
You were not hungry.

You visited 1 branch of the dungeon, and saw 2 of its levels.
You visited the Abyss 1 time.

You collected 122 gold pieces.

Inventory:

Hand Weapons
 a - a +1 hand axe (weapon)
Armour
 b - a +0 leather armour
 h - a +0 scale mail
 j - a +0 chain mail
 m - a +0 pair of boots (worn)
 o - a +1 pair of gloves of dexterity (worn)
 t - a +3 scale mail of cold resistance (worn)
Jewellery
 d - an amulet of guardian spirit (around neck)
Scrolls
 e - 3 scrolls of identify
 f - 2 scrolls of enchant armour {unknown}
 g - a scroll of noise {unknown}
 i - a scroll of magic mapping {unknown}
 l - 2 scrolls of teleportation {unknown}
 q - a scroll of enchant weapon {unknown}
 r - a scroll of amnesia {unknown}
Potions
 k - 2 potions of flight {unknown}
 n - 2 potions of haste {unknown}
 p - a potion of berserk rage {unknown}
 s - a potion of degeneration {unknown}
 u - a potion of curing {unknown}
Comestibles
 c - 5 rations


   Skills:
 - Level 3.6 Fighting
 * Level 5.1 Axes
 + Level 2.4 Armour
 - Level 0.7 Dodging
 + Level 2.7 Invocations


You had 3 spell levels left.
You didn't know any spells.

Dungeon Overview and Level Annotations

Branches:
Dungeon (2/15)

Altars:

Annotations:
D:2 Crazy Yiuf


Message History

Crazy Yiuf is lightly wounded.
You feel sick.
Crazy Yiuf hits you with a quarterstaff of chaos!
Crazy Yiuf burns you.
You hit Crazy Yiuf.
Crazy Yiuf is moderately wounded.
Crazy Yiuf hits you with a quarterstaff of chaos.
Crazy Yiuf burns you.
You hit Crazy Yiuf.
Crazy Yiuf is moderately wounded.
You feel sick.
Crazy Yiuf hits you with a quarterstaff of chaos.
* * * LOW HITPOINT WARNING * * *
You are lethally poisoned!
Your scale mail prevents you from hitting Crazy Yiuf.
Crazy Yiuf is moderately wounded.
* * * LOW HITPOINT WARNING * * *
You feel sick.
Crazy Yiuf hits you with a quarterstaff of chaos!
You die...

#.#...# #.....#.
#####'#...# #.##....
#....)....# #.##..##
########### #..#..##
#..#....
#######..##... ####
###.#......##...
#...##..#.P.....###..
#..g@.####.P....# #..
#)..### ##P....# #..
#### ####### #.. #..
#.. #.. #.. #.. ##.


You could see Crazy Yiuf.

Vanquished Creatures
  Terence (D:2)
  A worm (D:2)
  2 leopard geckos
  A ball python (D:2)
  3 giant cockroaches
  5 goblins
  A hobgoblin (D:2)
  2 jackals (D:2)
  3 kobolds (D:2)
  A quokka (D:2)
  3 frilled lizards
  3 rats
26 creatures vanquished.

Notes
Turn   | Place    | Note
-------+----------+-------------------------------------------
     0 | Abyss:1  | shakethe the Hill Orc Abyssal Knight began the quest for the Orb.
     0 | Abyss:1  | Reached XP level 1. HP: 19/19 MP: 2/2
     0 | D:1      | Escaped the Abyss
    55 | D:1      | Reached skill level 3 in Axes
   122 | D:1      | Reached * piety under Lugonu
   132 | D:1      | Reached XP level 2. HP: 14/26 MP: 3/3
   858 | D:2      | Reached skill level 4 in Axes
  1100 | D:2      | Reached XP level 3. HP: 28/31 MP: 4/4
  1140 | D:2      | Found a runed door.
  1427 | D:2      | Noticed Terence
  1455 | D:2      | Killed Terence
  1455 | D:2      | Reached skill level 5 in Axes
  1694 | D:2      | Found a faded altar of an unknown god.
  1783 | D:2      | Reached XP level 4. HP: 39/39 MP: 6/6
  1878 | D:2      | Noticed Crazy Yiuf
  1887 | D:2      | Slain by Crazy Yiuf

Skill      XL: |  1  2  3 |
---------------+----------+-----
Axes           | 3 4 5 |  5.1
Fighting       | |  3.6
Armour         | |  2.4
Dodging        | |  0.7
Invocations    | |  2.7

Action                   |  1- 3 |  4- 6 || total
-------------------------+-------+-------++-------
Melee: Hand axe          |    92 |     8 ||   100
Invok: Depart the Abyss  |     1 |       ||     1
  Use: Scroll            |     1 |       ||     1
  Eat: Chunk             |     2 |     1 ||     3
Armor: Leather armour    |     6 |       ||     6
       Chain mail        |    45 |       ||    45
       Scale mail        |     1 |       ||     1
Dodge: Dodged            |    21 |     1 ||    22
